 Dungeon Crawl Stone Soup version 0.31-a0-198-g2ad674f65e (webtiles) character file.

Game seed: 15477877039129091601

23 qw the Shooter (level 2, 0/16 HPs)
             Began as a Deep Elf Hunter on June 25, 2023.
             Slain by a rat (1 damage)
             ... on level 1 of the Dungeon.
             The game lasted 00:00:08 (70 turns).

qw the Shooter (Deep Elf Hunter)                      Turns: 70, Time: 00:00:08

Health: 0/16       AC:  3    Str:  8    XL:     2   Next: 72%
Magic:  4/4        EV: 12    Int: 13    God:
Gold:   0          SH:  0    Dex: 18    Spells: 1/1 levels left

rFire   . . .        a - +0 shortbow
rCold   . . .        (shield currently unavailable)
rNeg    . . .        c - +0 leather armour
rPois   .            (no helmet)
rElec   .            (no cloak)
rCorr   .            (no gloves)
SInv    .            (no boots)
Will    .....        (no amulet)
Stlth   ++           (no ring)
HPRegen 0.22/turn    (no ring)
MPRegen 0.09/turn

%: no passive effects
@: no status effects
A: no striking features
a: no special abilities


You were on level 1 of the Dungeon.
You visited 1 branch of the dungeon, and saw 1 of its levels.


   Skills:
 - Level 1.5 Fighting
 + Level 6.4 Ranged Weapons
 - Level 2.4 Dodging
 - Level 1.2 Stealth


You had one spell level left.
You didn't know any spells.
Your spell library was empty.

Inventory:

Hand Weapons
 a - a +0 shortbow (weapon)
Armour
 c - a +0 leather armour (worn)
Scrolls
 b - a scroll of butterflies
Potions
 d - a potion of curing {unknown}

Dungeon Overview and Level Annotations

Branches:
Dungeon (1/15)

Altars:


Message History

You shoot an arrow. The arrow closely misses the rat.
The arrow hits the goblin.
The goblin is moderately wounded.
The bat hits you but does no damage. The bat hits you.
The bat hits you but does no damage. The rat barely misses you.
You shoot an arrow. The arrow barely misses the bat.
The arrow closely misses the bat.
The bat hits you but does no damage. The bat misses you.
The kobold throws a stone.
The stone hits you. The rat bites you.
You shoot an arrow.
The arrow hits the bat but does no damage.
The bat closely misses you. The bat barely misses you.
The rat closely misses you. The bat hits you but does no damage.
You shoot an arrow. The arrow barely misses the bat.
The bat misses you.
The bat closely misses you. x2; The bat barely misses you.
The rat barely misses you. The rat misses you.
The kobold hits you with a +0 dagger.
You shoot an arrow.
The arrow hits the kobold but does no damage.
The bat hits you but does no damage. x2; The bat barely misses you. x2
The rat bites you but does no damage. The kobold hits you with a +0 dagger.
You shoot an arrow. The arrow barely misses the kobold.
The bat barely misses you. The bat closely misses you. The rat bites you.
The kobold closely misses you.
You shoot an arrow. The arrow hits the kobold!
You kill the kobold!
The bat barely misses you.
The hobgoblin hits you but does no damage.
The rat closely misses you.
You shoot an arrow.
The arrow hits the kobold but does no damage.
The kobold hits you with a +0 club. The hobgoblin barely misses you.
The rat bites you but does no damage. The bat barely misses you.
You shoot an arrow. The arrow barely misses the kobold.
The bat hits you. The kobold closely misses you. The hobgoblin hits you.
The rat closely misses you. The kobold hits you but does no damage.
The rat bites you but does no damage. The hobgoblin hits you.
You shoot an arrow. The arrow hits the kobold.
You kill the kobold!
The bat barely misses you. The bat misses you. The rat bites you.
You die...

#.....%..######8.8##
##.....).#### #####
###..[.####.. ..
#.......###.##..#
...#......#..... ..
#....#.#..# .
###.....b.#...
#...#......#
......#@#.####
##...#rg).#
##...g...# #......##
#...#..# .%$..#.#.
..........
.......####


You could see a hobgoblin, a goblin, a bat and a rat.

Vanquished Creatures
  A dart slug (D:1)
  2 endoplasms (D:1)
  6 hobgoblins (D:1)
  A quokka (D:1)
  2 ball pythons (D:1)
  3 bats (D:1)
  A frilled lizard (D:1)
  3 kobolds (D:1)
  A rat (D:1)
20 creatures vanquished.

Notes
Turn   | Place    | Note
-------+----------+-------------------------------------------
     0 | D:1      | qw the Deep Elf Hunter began the quest for the Orb.
     0 | D:1      | Reached XP level 1. HP: 12/12 MP: 3/3
     0 | D:1      | 0 ||| qw: Version: 0.3-a-22-g0ed2b0b
     0 | D:1      | 0 ||| qw: Game counter: 5193
     0 | D:1      | 0 ||| qw: Melee chars always use a shield: true
     0 | D:1      | 0 ||| qw: God list: Okawaru
     0 | D:1      | 0 ||| qw: Allow faded altars: false
     0 | D:1      | 0 ||| qw: Do Orc after clearing Dungeon:15 true
     0 | D:1      | 0 ||| qw: Do second Lair branch before Depths: true
     0 | D:1      | 0 ||| qw: Lair rune preference: random
     0 | D:1      | 0 ||| qw: Goals: Normal
     0 | D:1      | 0 ||| PLANNING D:1-11
    29 | D:1      | Reached skill level 6 in Ranged Weapons
    29 | D:1      | Reached XP level 2. HP: 16/16 MP: 4/4
    66 | D:1      | HP: 4/16 [rat (1)]
    69 | D:1      | HP: 1/16 [hobgoblin (1)]
    70 | D:1      | Slain by a rat

Levels and vault maps discovered:
D:1:      mrwooster_arrival_statue_3, layout_rooms

Skill      XL: |  1 |
---------------+----+-----
Ranged Weapons | 6 |  6.4
Fighting       | |  1.5
Dodging        | |  2.4
Stealth        | |  1.2

Action                     || total
---------------------------++-------
   Fire: Shortbow          ||    47
 Armour: Leather armour    ||    15
  Dodge: Dodged            ||    42

Table legend:
 A = Non-vault XP
 B = Vault XP
 C = Vault XP percentage of total XP
 D = Non-vault monster count
 E = Vault monster count
 F = Vault count percentage of total count
                 A         B        C        D         E       F
            +---------+---------+-------+---------+---------+-------
      Total |      34 |       0 |   0.0 |      20 |       0 |   0.0
            +---------+---------+-------+---------+---------+-------
        D:1 |      34 |       0 |   0.0 |      20 |       0 |   0.0
            +---------+---------+-------+---------+---------+-------
